 Dungeon Crawl Stone Soup version 0.17.1-3-g152610e (webtiles) character file.

8194 Metrazal the Covert (level 11, 0/49 HPs)
             Began as a Spriggan Assassin on Feb 27, 2016.
             Was a Believer of Elyvilon.
             Slain by an orc warrior
             ... wielding a +0 glaive
              (28 damage)
             ... on level 1 of the Orcish Mines.
             The game lasted 01:46:13 (12015 turns).

Metrazal the Covert (Spriggan Assassin)            Turns: 12015, Time: 01:46:13

Health: 0/49       AC:  3    Str:  7    XL:     11   Next: 6%
Magic:  12/12      EV: 25    Int: 13    God:    Elyvilon [**....]
Gold:   519        SH:  0    Dex: 21    Spells: 1 memorised, 8 levels left

rFire  . . .     SeeInvis +     e - +2 dagger (elec)
rCold  . . .     Clarity  .     x - +0 robe
rNeg   . . .     SustAt   .     (shield restricted)
rPois  .         Gourm    .     (helmet restricted)
rElec  .         Spirit   .     m - +0 cloak
rCorr  .         Warding  .     (gloves unavailable)
rMut   .         Stasis   .     (boots unavailable)
MR     +....                    (no amulet)
Stlth  +++++++...               (no ring)
                                (no ring)

@: very quick, somewhat resistant to hostile enchantments, extremely stealthy
A: unfitting armour, see invisible, herbivore 3, speed 3, slow metabolism 2
a: Lesser Healing, Heal Other, Divine Protection, Renounce Religion


You were on level 1 of the Orcish Mines.
You worshipped Elyvilon.
Elyvilon was pleased with you.
You were full.

You visited 4 branches of the dungeon, and saw 12 of its levels.
You also visited: Ossuary.

You collected 519 gold pieces.

Inventory:

Hand Weapons
 a - a +2 dagger of venom
 b - a +0 blowgun
 c - a +0 hunting sling
 d - a cursed -2 shortbow
 e - a +2 dagger of electrocution (weapon)
Missiles
 f - 2 curare-tipped needles
 i - 261 stones (quivered)
 n - 18 poisoned needles
 r - 114 sling bullets
 v - 5 arrows of dispersal
 y - 14 sling bullets of frost
 F - 123 arrows
Armour
 m - a +0 cloak (worn)
 x - a +0 robe (worn)
Wands
 z - a wand of frost (14)
 E - a wand of frost (33)
 I - a wand of fire (5)
 L - a wand of flame (14)
Scrolls
 h - 6 scrolls of remove curse
 o - a scroll of recharging {unknown}
 p - a scroll of enchant armour {unknown}
 q - 2 scrolls of fear {unknown}
 s - 2 scrolls of enchant weapon {unknown}
 u - a scroll of fog {unknown}
 w - 3 scrolls of teleportation {unknown}
 C - a scroll of magic mapping {unknown}
 G - a scroll of immolation {unknown}
 K - a scroll of noise {unknown}
Potions
 j - 4 potions of haste {unknown}
 k - 9 potions of curing
 l - 2 potions of brilliance {unknown}
 A - 2 potions of mutation {unknown}
 B - 2 potions of flight {unknown}
 D - a potion of degeneration {unknown}
 H - 2 potions of cure mutation {unknown}
 J - a potion of lignification {unknown}
Comestibles
 g - 3 bread rations


   Skills:
 - Level 1.5 Fighting
 + Level 9.1 Short Blades
 + Level 9.2(9.3) Slings
 + Level 7.0 Bows
 - Level 2.0(5.2) Throwing
 + Level 11.6 Dodging
 + Level 13.5 Stealth


You had 8 spell levels left.
You knew the following spells:

 Your Spells              Type           Power        Failure   Level  Hunger
a - Blink                 Tloc           N/A          47%         2    ###....


Dungeon Overview and Level Annotations

Branches:
Dungeon (9/15)             Temple (1/1) D:6            Lair (1/8) D:8
    Orc (1/4) D:9

Altars:
Ashenzari
Cheibriados
Elyvilon
Fedhas
Gozag
Makhleb
Nemelex Xobeh
Ru
Trog
Xom
The Shining One

Shops:
Orc:1 !(

Annotations:
Lair:1 Clownie's ghost, journeyman FoFi


Innate Abilities, Weirdness & Mutations

You are tiny and cannot use many weapons and most armour.
You have supernaturally acute eyesight.
You are a herbivore.
You cover ground extremely quickly.
You need consume almost no food.


Message History

You hit the orc.
There is a sudden explosion of sparks!
You kill the orc!
Things that are here:
a club; a giant club; an orc corpse
Things that are here:
a hand axe; a club; an orc corpse
Items here: )) [ † a dagger; a chain mail; a club; an orc corpse You see here a giant club.
There is a staircase to the Orcish Mines here.
You start resting.
HP restored.
You climb downwards.
Welcome to the Orcish Mines!
The orc warrior hits you with a glaive!!
There is a staircase back to the Dungeon, spattered with blood here.
Things that are here:
a leather armour; a short sword; an orc corpse The orc warrior hits you with a glaive!!
Ouch! That really hurt!
You die...

#..#..###...####
#....#.#.......#
#....####.....##
##....###....##
#..#...#...∩## ##
####(..#...## ####.#
##..([.## #...## # #...(Y#
##....#.#
#...@.####......####
###..o..[..#.........##
####...†.................#
#..#...####(.....####....#
##....####......######...#
#.......##........#.#..##$
##.#....##...#.......).#
###...).....#........##
#........##........#


You could see a yak and an orc warrior.

Vanquished Creatures
  Harold (Orc:1)
  Pikel (D:6)
  An elephant (D:8)
  Joseph (D:7)
  Psyche (D:9)
  The ghost of zigs the Shield-Bearer, an amateur FoFi (D:4)
  Prince Ribbit (Lair:1)
  A two-headed ogre (D:9)
  3 blink frogs
  3 wyverns
  A hungry ghost (D:7)
  Menkaure (D:7)
  Duvessa (D:6)
  A water moccasin (D:8)
  A black bear (D:8)
  3 orc warriors
  3 necrophages
  4 sky beasts
  3 centaurs
  8 ogres
  A slave (D:6)
  2 giant frogs (D:6)
  A crocodile (D:8)
  An elf zombie (Ossuary)
  Dowan (D:6)
  A wyvern skeleton (D:8)
  2 scorpions (D:6)
  13 killer bees
  4 crimson imps
  2 orc priests
  4 hounds
  A centaur skeleton (D:7)
  A jelly (D:5)
  6 iguanas
  2 worker ants
  7 orc wizards
  A sheep (D:8)
  A big kobold zombie (Ossuary)
  2 hound zombies (Ossuary)
  A hound skeleton (D:9)
  4 mummies (Ossuary)
  12 adders
  An ooze (D:7)
  2 adder skeletons
  2 adder zombies
  A worm (D:6)
  8 giant geckos
  48 orcs
  9 bats
  7 giant cockroaches
  3 gnoll zombies (Ossuary)
  4 goblins
  3 hobgoblins (D:1)
  7 jackals
  A quokka (D:4)
  A ball python (D:1)
  2 giant newts
  A goblin zombie (Ossuary)
  A jackal skeleton (D:6)
  A jackal zombie (Ossuary)
  10 kobolds
  An orc zombie (Ossuary)
  11 rats
  A rat zombie (Ossuary)
  A fungus (D:8)
236 creatures vanquished.

Notes
Turn   | Place    | Note
--------------------------------------------------------------
     0 | D:1      | Metrazal the Spriggan Assassin began the quest for the Orb.
     0 | D:1      | Reached XP level 1. HP: 10/10 MP: 2/2
    46 | D:1      | Reached skill level 6 in Stealth
   105 | D:1      | Reached XP level 2. HP: 11/14 MP: 3/3
   789 | D:2      | Reached XP level 3. HP: 18/18 MP: 4/4
   802 | D:2      | Found a blossoming altar of Fedhas.
  1238 | D:2      | Reached skill level 7 in Stealth
  1241 | D:2      | Reached XP level 4. HP: 13/22 MP: 5/5
  1908 | D:3      | Found an opulent altar of Gozag.
  2713 | D:4      | Noticed zigs's ghost (amateur FoFi)
  2790 | D:4      | Killed zigs's ghost
  2790 | D:4      | Reached skill level 5 in Dodging
  2790 | D:4      | Reached skill level 8 in Stealth
  2790 | D:4      | Reached XP level 5. HP: 6/25 MP: 6/6
  2790 | D:4      | Reached XP level 6. HP: 7/30 MP: 7/7
  3456 | D:5      | Entered Level 5 of the Dungeon
  3474 | D:5      | Found a sand-covered staircase.
  3523 | Ossuary  | Entered an ossuary
  3544 | Ossuary  | Reached XP level 7. HP: 27/33 MP: 8/8
  3775 | Ossuary  | Reached skill level 9 in Stealth
  4211 | D:5      | Reached skill level 5 in Short Blades
  4347 | D:5      | Noticed a wyvern
  4357 | D:5      | Killed a wyvern
  4431 | D:5      | Found a bloodstained altar of Trog.
  4626 | D:5      | Reached XP level 8. HP: 37/37 MP: 9/9
  4739 | D:6      | Found a staircase to the Ecumenical Temple.
  4752 | D:6      | Reached skill level 10 in Stealth
  4909 | D:6      | Reached skill level 5 in Slings
  4946 | Temple   | Entered the Ecumenical Temple
  4962 | Temple   | Became a worshipper of Elyvilon the Healer
  5520 | D:6      | Reached skill level 1 in Bows
  5542 | D:6      | Noticed Duvessa
  5545 | D:6      | Noticed Dowan
  5587 | D:6      | Killed Duvessa
  5630 | D:6      | Killed Dowan
  5929 | D:6      | Reached XP level 9. HP: 41/41 MP: 10/10
  6346 | D:6      | Noticed Pikel
  6376 | D:6      | Elyvilon protects you from harm!
  6380 | D:6      | Killed Pikel
  6380 | D:6      | Reached skill level 11 in Stealth
  6533 | D:7      | Noticed Menkaure
  6574 | D:7      | Noticed Joseph
  6725 | D:7      | Reached * piety under Elyvilon
  6773 | D:7      | HP: 1/41 [Joseph/sling bullet (22)]
  7054 | D:7      | Killed Joseph
  7360 | D:7      | Reached skill level 10 in Dodging
  7387 | D:7      | Killed Menkaure
  7688 | D:8      | Reached skill level 12 in Stealth
  7721 | D:8      | Reached XP level 10. HP: 46/46 MP: 11/11
  7873 | D:8      | Found a staircase to the Lair.
  7873 | D:8      | Noticed an elephant
  7940 | D:8      | Killed an elephant
  7940 | D:8      | Reached skill level 5 in Bows
  8709 | Lair:1   | Entered Level 1 of the Lair of Beasts
  8709 | Lair:1   | Noticed Prince Ribbit
  8714 | Lair:1   | Killed Prince Ribbit
  8889 | Lair:1   | Noticed Clownie's ghost (journeyman FoFi)
 10255 | D:9      | Noticed Psyche
 10271 | D:9      | Killed Psyche
 10547 | D:9      | Reached ** piety under Elyvilon
 10564 | D:9      | Reached skill level 13 in Stealth
 10952 | D:9      | Found a staircase to the Orcish Mines.
 11146 | D:9      | Learned a level 2 spell: Blink
 11197 | Orc:1    | Entered Level 1 of the Orcish Mines
 11197 | Orc:1    | Found Qeuckitos's Distillery.
 11197 | Orc:1    | Noticed Harold
 11201 | Orc:1    | Killed Harold
 11502 | Orc:1    | Reached XP level 11. HP: 45/49 MP: 12/12
 11898 | Orc:1    | Found Koq Quan's Antique Weapon Shop.
 12015 | Orc:1    | Slain by an orc warrior

Action                   |  1- 3 |  4- 6 |  7- 9 | 10-12 || total
-------------------------+-------+-------+-------+-------++-------
Melee: Dagger            |   105 |    68 |   311 |   330 ||   814
 Fire: Hunting sling     |       |    19 |    19 |    55 ||    93
       Blowgun           |       |     5 |    26 |    32 ||    63
Throw: Stone             |     1 |     2 |       |     7 ||    10
  Use: Scroll            |       |       |     8 |     1 ||     9
       Potion            |       |       |     5 |     1 ||     6
 Stab: Sleeping          |    16 |    14 |    24 |    11 ||    65
       Distracted        |     1 |     1 |     5 |     2 ||     9
  Eat: Pizza             |       |       |     1 |       ||     1
       Bread ration      |       |       |     1 |     1 ||     2
